Jets vs Devils
(R2)
Created - February 7, 2018 at 19:43
Goals
|
| Jets |
1 |
1 |
0 |
2 |
| Devils |
2 |
0 |
1 |
3 |
|
Shots
|
| Jets |
18 |
10 |
5 |
33 |
| Devils |
5 |
7 |
8 |
20 |
|
1st period
1. Jets , Joe Colborne 7 (Marco Scandella 27, Erik Haula 9) at 12:17
2. Devils , Kellan Lain 9 (Darroll Powe 7) at 18:17
3. Devils , Martin St. Louis 9 (Taylor Hall 14, Erik Christensen 13) at 18:57
Penalties :
No Penalty
2nd period
4. Jets , Dustin Brown 16 (Derek Roy 32, Benoit Pouliot 31) at 12:40
Penalties :
Alexander Frolov (Win) for Roughing (Minor) at 3:20, Eric Gelinas (Win) for Interference (Minor) at 8:07, Martin St. Louis (NJD) for Tripping (Minor) at 13:18, Marco Scandella (Win) for Hooking (Minor) at 16:36
3rd period
5. Devils , Matt Duchene 15 (Tyler Cuma 21, Taylor Hall 15) at 9:20 (PP)
Penalties :
Tyler Cuma (NJD) for Elbowing (Minor) at 0:05, Kurt Sauer (NJD) for Holding (Minor) at 5:14, Marco Scandella (Win) for Slashing (Minor) at 9:13, Alexander Frolov (Win) for Roughing (Minor) at 9:56, Anthony Stewart (NJD) for High sticking (Minor) at 12:49, Mikko Koivu (Win) for Tripping (Minor) at 15:13, Kellan Lain (NJD) for Holding (Minor) at 18:54
Goalie Stats
Jacob Markstrom (Win), 17 saves from 20 shots - (0.850), L, 9-10-2, 58:46 minutes
James Reimer (NJD), 31 saves from 33 shots - (0.939), W, 17-9-1, 60:00 minutes
Players Stats for Jets
Player Name G A P +/- PIM S H SB GA TA FO MP PP MP PK MP
------------------------------------------------------------------------------------
Alexander Frolov 0 0 0 -1 4 2 3 1 1 0 0/0 17:59 4:32 3:37
Anton Volchenkov 0 0 0 1 0 2 2 1 0 1 0/0 15:27 0:00 5:06
Benoit Pouliot 0 1 1 0 0 2 1 0 1 1 1/1 19:14 4:13 2:16
Derek Roy 0 1 1 0 0 1 1 0 1 0 11/19 19:05 4:13 2:01
Derek Stepan 0 0 0 -1 0 1 1 0 0 1 5/11 13:58 4:32 0:00
Devin Setoguchi 0 0 0 -1 0 0 2 1 0 0 0/1 13:58 4:32 0:00
Dustin Brown 1 0 1 0 0 3 5 1 0 0 1/1 21:33 4:25 3:42
Eric Gelinas 0 0 0 0 2 2 4 1 0 1 0/0 19:12 4:15 0:36
Erik Haula 0 1 1 1 0 2 1 1 0 0 5/7 13:39 0:16 5:51
Joe Colborne 1 0 1 1 0 1 1 0 0 1 2/5 10:31 0:00 1:56
Josh Bailey 0 0 0 1 0 1 0 0 0 0 1/1 7:11 0:00 0:00
Lee Stempniak 0 0 0 0 0 4 0 0 0 0 0/0 10:14 0:04 0:00
Marco Scandella 0 1 1 -1 4 2 1 0 1 0 0/0 26:50 4:46 4:20
Marcus Johansson 0 0 0 0 0 3 0 0 0 0 0/0 10:35 0:00 0:41
Mikko Koivu 0 0 0 0 2 2 0 0 0 0 2/4 10:26 0:16 0:00
Shea Weber 0 0 0 0 0 2 1 1 1 0 0/0 22:46 4:15 4:12
Tomas Kundratek 0 0 0 0 0 1 1 2 0 0 0/0 11:30 0:00 0:00
Tyler Myers 0 0 0 0 0 2 4 1 1 1 0/0 25:44 4:46 5:50
Players Stats for Devils
Player Name G A P +/- PIM S H SB GA TA FO MP PP MP PK MP
------------------------------------------------------------------------------------
Anthony Stewart 0 0 0 0 2 0 0 0 0 0 0/0 6:36 0:00 0:00
Brandon Bollig 0 0 0 0 0 1 0 0 0 0 0/0 6:37 0:00 0:00
Darroll Powe 0 1 1 1 0 1 2 0 0 0 5/11 15:33 0:00 5:04
Erik Christensen 0 1 1 1 0 1 0 0 0 0 5/9 13:35 3:39 0:00
Johnny Gaudreau 0 0 0 -2 0 2 1 0 0 0 0/1 17:54 3:39 2:04
Jordan Eberle 0 0 0 -2 0 1 1 0 0 2 1/3 22:17 6:23 2:07
Karl Alzner 0 0 0 2 0 0 0 2 1 0 0/0 23:20 4:46 3:21
Kellan Lain 1 0 1 1 2 2 1 0 0 0 0/1 10:42 0:00 0:14
Kurt Sauer 0 0 0 -1 2 0 0 0 0 1 0/0 16:42 0:16 4:26
Martin St. Louis 1 0 1 1 2 2 1 1 0 0 1/1 17:38 3:39 3:56
Matt Duchene 1 0 1 -2 0 4 4 2 4 0 9/22 21:14 6:23 1:20
Mike Komisarek 0 0 0 -1 0 0 1 2 0 0 0/0 20:39 0:00 5:40
Peter Prucha 0 0 0 1 0 1 6 1 0 1 0/0 10:29 0:00 0:00
Robyn Regehr 0 0 0 1 0 1 0 1 0 0 0/0 17:04 4:46 0:29
Ryan Whitney 0 0 0 0 0 1 3 1 1 1 0/0 22:57 5:00 3:21
Steve Ott 0 0 0 0 0 0 2 2 0 0 1/2 10:18 0:00 3:17
Taylor Hall 0 2 2 1 0 3 1 0 0 0 0/0 17:39 6:23 0:00
Tyler Cuma 0 1 1 -1 2 0 4 1 0 1 0/0 19:40 5:16 0:45
3 Stars
1 - Dustin Brown (Win)
2 - Taylor Hall (NJD)
3 - James Reimer (NJD)
Power Play
Jets - 0 on 5 Attempt(s) - 0.00%
Devils - 1 on 6 Attempt(s) - 16.67%
Penalty Kill
Jets - 5 on 6 Attempt(s) - 83.33%
- Score 0 goal in Penalty Kill
Devils - 5 on 5 Attempt(s) - 100.00%
- Score 0 goal in Penalty Kill
Team Stat
Jets - Hits : 28 - Faceoff Wins : 28 - Blocked Shots : 10 - Penalty Minutes : 12
Devils - Hits : 27 - Faceoff Wins : 22 - Blocked Shots : 13 - Penalty Minutes : 10
Official
Referees : Peel Tim and McCauley Wes
Linesman : Mike Cvik and Lonnie Cameron
Game Notes
No Game Note
Finance
Level 1 -- Attendance: 5898 (98.30%) -- Ticket Income $530,820
Level 2 -- Attendance: 3625 (72.50%) -- Ticket Income $206,625
Level 3 -- Attendance: 1847 (92.35%) -- Ticket Income $60,951
Level 4 -- Attendance: 3800 (95.00%) -- Ticket Income $95,000
Luxury Box -- Attendance: 1000 (100.00%) -- Ticket Income $155,000
Game was played at the The prudential Center.
Total Attendance: 16170 (89.83%)
Total Ticket Income: $1,048,396
Other Income: $157,259
Total Income: $1,205,655
Jets
5 vs 5 Forward
Center Left Wing Right Wing Time % Phy DF OF
1 Derek Roy Benoit Pouliot Dustin Brown 35 1 2 2
2 Derek Stepan Alexander Frolov Devin Setoguchi 30 1 2 2
3 Mikko Koivu Marcus Johansson Lee Stempniak 23 1 2 2
4 Joe Colborne Erik Haula Josh Bailey 12 1 2 2
5 vs 5 Defense
Defense Defense Time % Phy DF OF
1 Tyler Myers Marco Scandella 40 1 3 1
2 Shea Weber Eric Gelinas 30 1 2 2
3 Anton Volchenkov Tomas Kundratek 25 1 2 2
4 Shea Weber Marco Scandella 5 1 2 2
PowerPlay Forward
Center Left Wing Right Wing Time % Phy DF OF
1 Derek Roy Benoit Pouliot Dustin Brown 60 1 0 4
2 Derek Stepan Alexander Frolov Devin Setoguchi 40 1 0 4
PowerPlay Defense
Defense Defense Time % Phy DF OF
1 Marco Scandella Tyler Myers 60 1 1 3
2 Eric Gelinas Shea Weber 40 0 1 4
Penalty Kill 4 Players Forward
Center Wing Time % Phy DF OF
1 Erik Haula Alexander Frolov 60 1 2 2
2 Joe Colborne Dustin Brown 40 1 2 2
Penalty Kill 4 Players Defense
Defense Defense Time % Phy DF OF
1 Tyler Myers Marco Scandella 60 1 2 2
2 Shea Weber Anton Volchenkov 40 1 2 2
Penalty Kill - 3 Players Forward
Forward Time % Phy DF OF
1 Erik Haula 60 1 2 2
2 Alexander Frolov 40 1 2 2
Penalty Kill - 3 Players Defense
Defense Defense Time % Phy DF OF
1 Shea Weber Tyler Myers 60 1 2 2
2 Marco Scandella Anton Volchenkov 40 1 2 2
4 vs 4 Forward
Center Wing Time % Phy DF OF
1 Derek Stepan Dustin Brown 60 1 2 2
2 Derek Roy Benoit Pouliot 40 1 2 2
4 vs 4 Defense
Defense Defense Time % Phy DF OF
1 Marco Scandella Tyler Myers 60 1 2 2
2 Shea Weber Eric Gelinas 40 1 2 2
Last Minutes Offensive
Center Left Wing Right Wing Defense Defense
Derek Roy Benoit Pouliot Dustin Brown Marco Scandella Shea Weber
Last Minutes Defensive
Center Left Wing Right Wing Defense Defense
Derek Roy Erik Haula Alexander Frolov Shea Weber Tyler Myers
Goaltenders
Starting : Jacob Markstrom
Backup : Kari Lehtonen
Extra Forwards
Normal : Derek Roy, Benoit Pouliot, Dustin Brown - PP : Derek Roy, Benoit Pouliot - PK : Dustin Brown
Extra Defensemen
Normal : Shea Weber, Tyler Myers, Marco Scandella - PP : Shea Weber - PK : Anton Volchenkov, Tyler Myers
Penalty Shots
Derek Roy, Benoit Pouliot, Dustin Brown, Derek Stepan, Erik Haula
Scratches
Eric Fehr (Healthy), Fredrik Sjostrom (Healthy), Kevin Klein (Healthy), Michael Rupp (Healthy)
Devils
5 vs 5 Forward
Center Left Wing Right Wing Time % Phy DF OF
1 Matt Duchene Johnny Gaudreau Jordan Eberle 40 0 2 3
2 Erik Christensen Taylor Hall Martin St. Louis 30 0 2 3
3 Darroll Powe Kellan Lain Peter Prucha 20 0 2 3
4 Steve Ott Brandon Bollig Anthony Stewart 10 0 2 3
5 vs 5 Defense
Defense Defense Time % Phy DF OF
1 Mike Komisarek Tyler Cuma 40 0 2 3
2 Kurt Sauer Ryan Whitney 30 0 2 3
3 Karl Alzner Robyn Regehr 20 0 2 3
4 Ryan Whitney Karl Alzner 10 0 2 3
PowerPlay Forward
Center Left Wing Right Wing Time % Phy DF OF
1 Matt Duchene Taylor Hall Jordan Eberle 60 0 2 3
2 Erik Christensen Johnny Gaudreau Martin St. Louis 40 0 2 3
PowerPlay Defense
Defense Defense Time % Phy DF OF
1 Tyler Cuma Ryan Whitney 60 1 2 2
2 Karl Alzner Robyn Regehr 40 1 2 2
Penalty Kill 4 Players Forward
Center Wing Time % Phy DF OF
1 Darroll Powe Martin St. Louis 60 0 4 1
2 Steve Ott Jordan Eberle 40 0 4 1
Penalty Kill 4 Players Defense
Defense Defense Time % Phy DF OF
1 Kurt Sauer Mike Komisarek 60 0 4 1
2 Karl Alzner Ryan Whitney 40 0 4 1
Penalty Kill - 3 Players Forward
Forward Time % Phy DF OF
1 Darroll Powe 60 1 2 2
2 Jordan Eberle 40 1 2 2
Penalty Kill - 3 Players Defense
Defense Defense Time % Phy DF OF
1 Kurt Sauer Mike Komisarek 60 1 2 2
2 Ryan Whitney Karl Alzner 40 1 2 2
4 vs 4 Forward
Center Wing Time % Phy DF OF
1 Erik Christensen Taylor Hall 60 0 2 3
2 Matt Duchene Jordan Eberle 40 0 2 3
4 vs 4 Defense
Defense Defense Time % Phy DF OF
1 Karl Alzner Mike Komisarek 60 0 2 3
2 Ryan Whitney Tyler Cuma 40 0 2 3
Last Minutes Offensive
Center Left Wing Right Wing Defense Defense
Matt Duchene Taylor Hall Jordan Eberle Ryan Whitney Tyler Cuma
Last Minutes Defensive
Center Left Wing Right Wing Defense Defense
Darroll Powe Brandon Bollig Jordan Eberle Kurt Sauer Mike Komisarek
Goaltenders
Starting : James Reimer
Backup : Cam Ward
Extra Forwards
Normal : Johnny Gaudreau, Taylor Hall, Erik Christensen - PP : Martin St. Louis, Taylor Hall - PK : Steve Ott
Extra Defensemen
Normal : Robyn Regehr, Kurt Sauer, Karl Alzner - PP : Tyler Cuma - PK : Kurt Sauer, Tyler Cuma
Penalty Shots
Jordan Eberle, Taylor Hall, Peter Prucha, Matt Duchene, Martin St. Louis
Scratches
Dan Boyle (Healthy), Kyle Cumiskey (Healthy)
% Time on Ice - Jets
Lines # - Real PCT - Wanted PCT - Time Play
Normal Forward
1 - 32% - 35% - 13:03
2 - 26% - 30% - 10:50
3 - 24% - 23% - 9:50
4 - 18% - 12% - 7:11
Normal Defense
1 - 40% - 40% - 16:29
2 - 28% - 30% - 11:29
3 - 28% - 25% - 11:30
4 - 4% - 5% - 1:26
PP Forward
1 - 50% - 60% - 4:29
2 - 50% - 40% - 4:32
PP Defense
1 - 53% - 60% - 4:46
2 - 47% - 40% - 4:15
PK Forward
1 - 81% - 60% - 8:06
2 - 19% - 40% - 1:56
PK Defense
1 - 64% - 60% - 6:26
2 - 36% - 40% - 3:36
PK3 Forward
1 - 0% - 60%
2 - 0% - 40%
PK3 Defense
1 - 0% - 60%
2 - 0% - 40%
44 Forward
1 - 0% - 60%
2 - 0% - 40%
44 Defense
1 - 0% - 60%
2 - 0% - 40%
Last Minute Offensive - 0:03
Last Minute Defensive - 0:00
Total
Forward - 60:00
Defense - 60:00
|
% Time on Ice - Devils
Lines # - Real PCT - Wanted PCT - Time Play
Normal Forward
1 - 33% - 40% - 13:31
2 - 25% - 30% - 10:20
3 - 26% - 20% - 10:29
4 - 16% - 10% - 6:37
Normal Defense
1 - 38% - 40% - 15:43
2 - 30% - 30% - 12:27
3 - 21% - 20% - 8:41
4 - 10% - 10% - 4:06
PP Forward
1 - 64% - 60% - 6:23
2 - 36% - 40% - 3:39
PP Defense
1 - 52% - 60% - 5:16
2 - 48% - 40% - 4:46
PK Forward
1 - 77% - 60% - 6:54
2 - 23% - 40% - 2:07
PK Defense
1 - 63% - 60% - 5:40
2 - 37% - 40% - 3:21
PK3 Forward
1 - 0% - 60%
2 - 0% - 40%
PK3 Defense
1 - 0% - 60%
2 - 0% - 40%
44 Forward
1 - 0% - 60%
2 - 0% - 40%
44 Defense
1 - 0% - 60%
2 - 0% - 40%
Last Minute Offensive - 0:00
Last Minute Defensive - 0:00
Total
Forward - 60:00
Defense - 60:00
|
Play by Play
1st period
0:01 of 1st period - Matt Duchene wins face-off versus Derek Roy in neutral zone.
0:51 of 1st period - Wrist shot by Dustin Brown.
0:51 of 1st period - Shot Blocked by Mike Komisarek.
1:13 of 1st period - Snap shot by Alexander Frolov.
1:13 of 1st period - Stopped by James Reimer without a rebound.
1:14 of 1st period - Matt Duchene wins face-off versus Derek Stepan in Devils zone.
1:23 of 1st period - Robyn Regehr is hit by Alexander Frolov and loses puck.
1:34 of 1st period - Snap shot by Alexander Frolov.
1:34 of 1st period - Stopped by James Reimer with a rebound.
1:36 of 1st period - Slapshot by Tyler Myers.
1:36 of 1st period - Stopped by James Reimer without a rebound.
1:37 of 1st period - Mikko Koivu wins face-off versus Erik Christensen in Devils zone.
1:38 of 1st period - Slapshot by Marcus Johansson.
1:38 of 1st period - Shot Hit the Post.
1:40 of 1st period - Wrist shot by Lee Stempniak.
1:40 of 1st period - Shot Misses the Net.
1:42 of 1st period - Slapshot by Shea Weber.
1:42 of 1st period - Deflect By Lee Stempniak.
1:42 of 1st period - Deflect By Taylor Hall.
1:42 of 1st period - Stopped by James Reimer with a rebound.
1:44 of 1st period - Wrist shot by Lee Stempniak.
1:44 of 1st period - Shot Misses the Net.
1:50 of 1st period - Snap shot by Lee Stempniak.
1:50 of 1st period - Stopped by James Reimer with a rebound.
1:52 of 1st period - Slapshot by Eric Gelinas.
1:52 of 1st period - Deflect By Marcus Johansson.
1:52 of 1st period - Stopped by James Reimer without a rebound.
1:53 of 1st period - Joe Colborne wins face-off versus Darroll Powe in Devils zone.
1:54 of 1st period - Snap shot by Josh Bailey.
1:54 of 1st period - Stopped by James Reimer without a rebound.
1:55 of 1st period - Darroll Powe wins face-off versus Joe Colborne in Devils zone.
2:42 of 1st period - Slapshot by Derek Stepan.
2:42 of 1st period - Shot Misses the Net.
2:44 of 1st period - Slapshot by Anton Volchenkov.
2:44 of 1st period - Shot Misses the Net.
3:21 of 1st period - Mike Komisarek is hit by Shea Weber and loses puck.
4:13 of 1st period - Mike Komisarek is hit by Eric Gelinas and loses puck.
4:20 of 1st period - Shea Weber is hit by Martin St. Louis and loses puck.
4:31 of 1st period - Wrist shot by Lee Stempniak.
4:31 of 1st period - Shot Misses the Net.
4:33 of 1st period - Snap shot by Shea Weber.
4:33 of 1st period - Shot Blocked by Ryan Whitney.
4:35 of 1st period - Slapshot by Eric Gelinas.
4:35 of 1st period - Stopped by James Reimer with a rebound.
4:37 of 1st period - Slapshot by Eric Gelinas.
4:37 of 1st period - Shot Misses the Net.
4:39 of 1st period - Snap shot by Mikko Koivu.
4:39 of 1st period - Stopped by James Reimer with a rebound.
5:05 of 1st period - Slapshot by Marcus Johansson.
5:05 of 1st period - Shot Misses the Net.
5:07 of 1st period - Wrist shot by Eric Gelinas.
5:07 of 1st period - Stopped by James Reimer with a rebound.
5:33 of 1st period - Backhand shot by Taylor Hall.
5:33 of 1st period - Stopped by Jacob Markstrom with a rebound.
5:39 of 1st period - Slapshot by Marcus Johansson.
5:39 of 1st period - Stopped by James Reimer without a rebound.
5:40 of 1st period - Matt Duchene wins face-off versus Derek Roy in Devils zone.
6:36 of 1st period - Slapshot by Anton Volchenkov.
6:36 of 1st period - Stopped by James Reimer with a rebound.
7:10 of 1st period - Tyler Cuma is hit by Erik Haula and loses puck.
7:23 of 1st period - Slapshot by Anton Volchenkov.
7:23 of 1st period - Stopped by James Reimer with a rebound.
7:37 of 1st period - Alexander Frolov is hit by Tyler Cuma and loses puck.
8:30 of 1st period - Eric Gelinas is hit by Peter Prucha and loses puck.
9:12 of 1st period - Brandon Bollig is hit by Tyler Myers and loses puck.
10:36 of 1st period - Marco Scandella is hit by Steve Ott and loses puck.
10:49 of 1st period - Erik Haula is hit by Tyler Cuma.
10:58 of 1st period - Shea Weber is hit by Matt Duchene and loses puck.
11:24 of 1st period - Tomas Kundratek is hit by Jordan Eberle and loses puck.
11:56 of 1st period - Eric Gelinas is hit by Matt Duchene and loses puck.
12:03 of 1st period - Johnny Gaudreau is hit by Joe Colborne.
12:13 of 1st period - Snap shot by Erik Haula.
12:13 of 1st period - Stopped by James Reimer with a rebound.
12:15 of 1st period - Slapshot by Marco Scandella.
12:15 of 1st period - Stopped by James Reimer with a rebound.
12:17 of 1st period - Slapshot by Joe Colborne.
12:17 of 1st period - Deflect By Mike Komisarek.
12:17 of 1st period - Goal by Joe Colborne - Jets : 1 - Devils : 0.
12:18 of 1st period - Derek Roy wins face-off versus Erik Christensen in neutral zone.
12:42 of 1st period - Icing by Tyler Myers.
12:43 of 1st period - Derek Stepan wins face-off versus Darroll Powe in Jets zone.
13:00 of 1st period - Tyler Myers is hit by Kellan Lain and loses puck.
13:23 of 1st period - Karl Alzner is hit by Dustin Brown.
13:37 of 1st period - Steve Ott is hit by Dustin Brown.
13:59 of 1st period - Snap shot by Marcus Johansson.
13:59 of 1st period - Shot Blocked by Peter Prucha.
14:51 of 1st period - Tomas Kundratek is hit by Ryan Whitney.
15:03 of 1st period - Lee Stempniak is hit by Ryan Whitney and loses puck.
15:14 of 1st period - Martin St. Louis is hit by Devin Setoguchi and loses puck.
15:40 of 1st period - Benoit Pouliot is hit by Peter Prucha.
16:40 of 1st period - Lee Stempniak is hit by Peter Prucha and loses puck.
16:51 of 1st period - Snap shot by Lee Stempniak.
16:51 of 1st period - Stopped by James Reimer with a rebound.
16:53 of 1st period - Backhand shot by Tomas Kundratek.
16:53 of 1st period - Stopped by James Reimer with a rebound.
16:59 of 1st period - Wrist shot by Marcus Johansson.
16:59 of 1st period - Deflect By Lee Stempniak.
16:59 of 1st period - Shot Misses the Net.
16:59 of 1st period - Puck is out of play.
17:00 of 1st period - Derek Roy wins face-off versus Matt Duchene in Devils zone.
17:58 of 1st period - Wrist shot by Joe Colborne.
17:58 of 1st period - Shot Blocked by Mike Komisarek.
18:12 of 1st period - Shea Weber is hit by Darroll Powe and loses puck.
18:17 of 1st period - Slapshot by Kellan Lain.
18:17 of 1st period - Goal by Kellan Lain - Jets : 1 - Devils : 1.
18:18 of 1st period - Matt Duchene wins face-off versus Derek Roy in neutral zone.
18:21 of 1st period - Slapshot by Ryan Whitney.
18:21 of 1st period - Stopped by Jacob Markstrom without a rebound.
18:22 of 1st period - Derek Roy wins face-off versus Matt Duchene in Jets zone.
18:53 of 1st period - Wrist shot by Martin St. Louis.
18:53 of 1st period - Stopped by Jacob Markstrom with a rebound.
18:55 of 1st period - Wrist shot by Martin St. Louis.
18:55 of 1st period - Shot Misses the Net.
18:57 of 1st period - Slapshot by Martin St. Louis.
18:57 of 1st period - Goal by Martin St. Louis - Jets : 1 - Devils : 2.
18:58 of 1st period - Derek Roy wins face-off versus Johnny Gaudreau in neutral zone.
19:05 of 1st period - Wrist shot by Dustin Brown.
19:05 of 1st period - Shot Misses the Net.
19:25 of 1st period - Marco Scandella is hit by Ryan Whitney and loses puck.
19:36 of 1st period - Darroll Powe is hit by Benoit Pouliot and loses puck.
Goals for this period are 1 for Jets vs 2 for Devils.
Shots for this period are 18 for Jets vs 5 for Devils.
2nd period
0:01 of 2nd period - Derek Stepan wins face-off versus Matt Duchene in neutral zone.
0:04 of 2nd period - Snap shot by Derek Stepan.
0:04 of 2nd period - Shot Blocked by Matt Duchene.
0:14 of 2nd period - Wrist shot by Johnny Gaudreau.
0:14 of 2nd period - Deflect By Marco Scandella.
0:14 of 2nd period - Stopped by Jacob Markstrom with a rebound.
0:16 of 2nd period - Slapshot by Jordan Eberle.
0:16 of 2nd period - Deflect By Matt Duchene.
0:16 of 2nd period - Stopped by Jacob Markstrom without a rebound.
0:17 of 2nd period - Derek Roy wins face-off versus Erik Christensen in Jets zone.
0:48 of 2nd period - Marco Scandella is hit by Johnny Gaudreau and loses puck.
1:09 of 2nd period - Slapshot by Darroll Powe.
1:09 of 2nd period - Shot Misses the Net.
1:15 of 2nd period - Slapshot by Tyler Myers.
1:15 of 2nd period - Stopped by James Reimer with a rebound.
1:17 of 2nd period - Slapshot by Tyler Myers.
1:17 of 2nd period - Shot Misses the Net.
1:41 of 2nd period - Icing by Anton Volchenkov.
1:42 of 2nd period - Josh Bailey wins face-off versus Matt Duchene in Jets zone.
1:42 of 2nd period - Josh Bailey is hit by Tyler Cuma.
2:45 of 2nd period - Mike Komisarek is hit by Eric Gelinas and loses puck.
3:07 of 2nd period - Off-side.
3:08 of 2nd period - Darroll Powe wins face-off versus Derek Stepan in neutral zone.
3:15 of 2nd period - Backhand shot by Kellan Lain.
3:15 of 2nd period - Shot Misses the Net.
3:17 of 2nd period - Snap shot by Peter Prucha.
3:17 of 2nd period - Deflect By Derek Stepan.
3:17 of 2nd period - Stopped by Jacob Markstrom without a rebound.
3:18 of 2nd period - Derek Stepan wins face-off versus Darroll Powe in Jets zone.
3:20 of 2nd period - Minor Penalty to Alexander Frolov for Roughing.
3:21 of 2nd period - Matt Duchene wins face-off versus Erik Haula in Jets zone.
5:20 of 2nd period - Penalty to Alexander Frolov is over, Alexander Frolov is back on ice.
5:29 of 2nd period - Eric Gelinas is hit by Tyler Cuma and loses puck.
5:53 of 2nd period - Robyn Regehr is hit by Anton Volchenkov and loses puck.
6:00 of 2nd period - Anthony Stewart is hit by Tomas Kundratek and loses puck.
6:32 of 2nd period - Joe Colborne is hit by Mike Komisarek and loses puck.
6:47 of 2nd period - Slapshot by Tyler Myers.
6:47 of 2nd period - Shot Blocked by Steve Ott.
6:49 of 2nd period - Wrist shot by Dustin Brown.
6:49 of 2nd period - Stopped by James Reimer with a rebound.
7:03 of 2nd period - Wrist shot by Anton Volchenkov.
7:03 of 2nd period - Shot Misses the Net.
7:17 of 2nd period - Wrist shot by Taylor Hall.
7:17 of 2nd period - Stopped by Jacob Markstrom with a rebound.
8:01 of 2nd period - Backhand shot by Robyn Regehr.
8:01 of 2nd period - Stopped by Jacob Markstrom with a rebound.
8:07 of 2nd period - Minor Penalty to Eric Gelinas for Interference.
8:08 of 2nd period - Erik Haula wins face-off versus Matt Duchene in Jets zone.
8:23 of 2nd period - Slapshot by Taylor Hall.
8:23 of 2nd period - Shot Misses the Net.
8:25 of 2nd period - Snap shot by Tyler Cuma.
8:25 of 2nd period - Shot Blocked by Alexander Frolov.
8:35 of 2nd period - Ryan Whitney is hit by Dustin Brown and loses puck.
8:40 of 2nd period - Snap shot by Joe Colborne.
8:40 of 2nd period - Deflect By Dustin Brown.
8:40 of 2nd period - Shot Misses the Net.
8:40 of 2nd period - Puck is out of play.
8:41 of 2nd period - Matt Duchene wins face-off versus Joe Colborne in Devils zone.
8:41 of 2nd period - Matt Duchene is hit by Dustin Brown.
10:07 of 2nd period - Penalty to Eric Gelinas is over, Eric Gelinas is back on ice.
10:20 of 2nd period - Slapshot by Mikko Koivu.
10:20 of 2nd period - Stopped by James Reimer without a rebound.
10:21 of 2nd period - Mikko Koivu wins face-off versus Kellan Lain in Devils zone.
10:24 of 2nd period - Slapshot by Lee Stempniak.
10:24 of 2nd period - Shot Blocked by Karl Alzner.
11:26 of 2nd period - Slapshot by Karl Alzner.
11:26 of 2nd period - Shot Misses the Net.
11:36 of 2nd period - Slapshot by Darroll Powe.
11:36 of 2nd period - Stopped by Jacob Markstrom without a rebound.
11:37 of 2nd period - Derek Roy wins face-off versus Matt Duchene in Jets zone.
12:10 of 2nd period - Wrist shot by Devin Setoguchi.
12:10 of 2nd period - Deflect By Derek Stepan.
12:10 of 2nd period - Shot Blocked by Martin St. Louis.
12:10 of 2nd period - Puck is out of play.
12:11 of 2nd period - Erik Christensen wins face-off versus Derek Stepan in Devils zone.
12:20 of 2nd period - Snap shot by Martin St. Louis.
12:20 of 2nd period - Shot Misses the Net.
12:22 of 2nd period - Snap shot by Taylor Hall.
12:22 of 2nd period - Deflect By Martin St. Louis.
12:22 of 2nd period - Shot Blocked by Devin Setoguchi.
12:22 of 2nd period - Puck is out of play.
12:23 of 2nd period - Dustin Brown wins face-off versus Matt Duchene in Jets zone.
12:38 of 2nd period - Slapshot by Dustin Brown.
12:38 of 2nd period - Deflect By Matt Duchene.
12:38 of 2nd period - Stopped by James Reimer with a rebound.
12:40 of 2nd period - Snap shot by Dustin Brown.
12:40 of 2nd period - Goal by Dustin Brown - Jets : 2 - Devils : 2.
12:41 of 2nd period - Benoit Pouliot wins face-off versus Matt Duchene in neutral zone.
12:56 of 2nd period - Off-side.
12:57 of 2nd period - Erik Christensen wins face-off versus Derek Stepan in neutral zone.
13:18 of 2nd period - Minor Penalty to Martin St. Louis for Tripping.
13:19 of 2nd period - Derek Roy wins face-off versus Darroll Powe in Devils zone.
13:30 of 2nd period - Derek Roy is hit by Steve Ott and loses puck.
13:45 of 2nd period - Darroll Powe is hit by Derek Stepan.
13:53 of 2nd period - Wrist shot by Alexander Frolov.
13:53 of 2nd period - Deflect By Derek Stepan.
13:53 of 2nd period - Stopped by James Reimer with a rebound.
13:55 of 2nd period - Slapshot by Shea Weber.
13:55 of 2nd period - Shot Misses the Net.
14:08 of 2nd period - Icing by Benoit Pouliot.
14:09 of 2nd period - Derek Stepan wins face-off versus Steve Ott in Jets zone.
14:32 of 2nd period - Backhand shot by Eric Gelinas.
14:32 of 2nd period - Shot Hit the Post.
14:34 of 2nd period - Wrist shot by Derek Roy.
14:34 of 2nd period - Stopped by James Reimer with a rebound.
14:36 of 2nd period - Slapshot by Shea Weber.
14:36 of 2nd period - Stopped by James Reimer with a rebound.
14:38 of 2nd period - Wrist shot by Derek Roy.
14:38 of 2nd period - Shot Blocked by Matt Duchene.
15:02 of 2nd period - Tyler Myers is hit by Matt Duchene and loses puck.
15:18 of 2nd period - Penalty to Martin St. Louis is over, Martin St. Louis is back on ice.
15:19 of 2nd period - Matt Duchene is hit by Tyler Myers and loses puck.
15:25 of 2nd period - Off-side.
15:26 of 2nd period - Erik Christensen wins face-off versus Mikko Koivu in neutral zone.
15:51 of 2nd period - Lee Stempniak is hit by Peter Prucha and loses puck.
16:08 of 2nd period - Wrist shot by Lee Stempniak.
16:08 of 2nd period - Stopped by James Reimer without a rebound.
16:09 of 2nd period - Derek Roy wins face-off versus Matt Duchene in Devils zone.
16:36 of 2nd period - Minor Penalty to Marco Scandella for Hooking.
16:37 of 2nd period - Erik Haula wins face-off versus Matt Duchene in Jets zone.
17:08 of 2nd period - Slapshot by Tyler Cuma.
17:08 of 2nd period - Shot Blocked by Tyler Myers.
17:10 of 2nd period - Slapshot by Ryan Whitney.
17:10 of 2nd period - Shot Blocked by Dustin Brown.
17:12 of 2nd period - Slapshot by Erik Christensen.
17:12 of 2nd period - Stopped by Jacob Markstrom without a rebound.
17:13 of 2nd period - Erik Haula wins face-off versus Matt Duchene in Jets zone.
17:58 of 2nd period - Backhand shot by Robyn Regehr.
17:58 of 2nd period - Shot Blocked by Erik Haula.
18:22 of 2nd period - Slapshot by Taylor Hall.
18:22 of 2nd period - Shot Misses the Net.
18:32 of 2nd period - Matt Duchene is hit by Anton Volchenkov and loses puck.
18:36 of 2nd period - Penalty to Marco Scandella is over, Marco Scandella is back on ice.
18:51 of 2nd period - Snap shot by Dustin Brown.
18:51 of 2nd period - Shot Blocked by Robyn Regehr.
19:06 of 2nd period - Snap shot by Marco Scandella.
19:06 of 2nd period - Stopped by James Reimer with a rebound.
19:20 of 2nd period - Wrist shot by Marco Scandella.
19:20 of 2nd period - Shot Blocked by Karl Alzner.
19:58 of 2nd period - Wrist shot by Taylor Hall.
19:58 of 2nd period - Shot Blocked by Shea Weber.
Goals for this period are 1 for Jets vs 0 for Devils.
Shots for this period are 10 for Jets vs 7 for Devils.
3rd period
0:01 of 3rd period - Jordan Eberle wins face-off versus Derek Roy in neutral zone.
0:05 of 3rd period - Minor Penalty to Tyler Cuma for Elbowing.
0:06 of 3rd period - Martin St. Louis wins face-off versus Derek Roy in Devils zone.
1:21 of 3rd period - Eric Gelinas is hit by Matt Duchene and loses puck.
2:05 of 3rd period - Penalty to Tyler Cuma is over, Tyler Cuma is back on ice.
2:06 of 3rd period - Slapshot by Mikko Koivu.
2:06 of 3rd period - Shot Misses the Net.
2:16 of 3rd period - Backhand shot by Jordan Eberle.
2:16 of 3rd period - Shot Blocked by Tomas Kundratek.
2:18 of 3rd period - Snap shot by Jordan Eberle.
2:18 of 3rd period - Shot Blocked by Anton Volchenkov.
2:20 of 3rd period - Snap shot by Jordan Eberle.
2:20 of 3rd period - Shot Misses the Net.
2:24 of 3rd period - Snap shot by Jordan Eberle.
2:24 of 3rd period - Stopped by Jacob Markstrom without a rebound.
2:25 of 3rd period - Erik Christensen wins face-off versus Joe Colborne in Jets zone.
2:28 of 3rd period - Snap shot by Erik Christensen.
2:28 of 3rd period - Shot Blocked by Tomas Kundratek.
2:50 of 3rd period - Marcus Johansson is hit by Peter Prucha and loses puck.
3:17 of 3rd period - Johnny Gaudreau is hit by Marco Scandella and loses puck.
3:53 of 3rd period - Slapshot by Marco Scandella.
3:53 of 3rd period - Deflect By Josh Bailey.
3:53 of 3rd period - Shot Misses the Net.
3:53 of 3rd period - Puck is out of play.
3:54 of 3rd period - Joe Colborne wins face-off versus Erik Christensen in Devils zone.
3:59 of 3rd period - Slapshot by Erik Haula.
3:59 of 3rd period - Stopped by James Reimer without a rebound.
4:00 of 3rd period - Derek Roy wins face-off versus Jordan Eberle in Devils zone.
4:01 of 3rd period - Slapshot by Benoit Pouliot.
4:01 of 3rd period - Stopped by James Reimer without a rebound.
4:02 of 3rd period - Matt Duchene wins face-off versus Derek Roy in Devils zone.
4:13 of 3rd period - Snap shot by Benoit Pouliot.
4:13 of 3rd period - Stopped by James Reimer without a rebound.
4:14 of 3rd period - Derek Roy wins face-off versus Matt Duchene in Devils zone.
4:31 of 3rd period - Slapshot by Shea Weber.
4:31 of 3rd period - Deflect By Johnny Gaudreau.
4:31 of 3rd period - Stopped by James Reimer without a rebound.
4:32 of 3rd period - Erik Christensen wins face-off versus Derek Stepan in Devils zone.
4:37 of 3rd period - Snap shot by Tyler Cuma.
4:37 of 3rd period - Shot Misses the Net.
4:47 of 3rd period - Slapshot by Alexander Frolov.
4:47 of 3rd period - Shot Blocked by Tyler Cuma.
5:04 of 3rd period - Slapshot by Matt Duchene.
5:04 of 3rd period - Stopped by Jacob Markstrom with a rebound.
5:14 of 3rd period - Minor Penalty to Kurt Sauer for Holding.
5:15 of 3rd period - Derek Roy wins face-off versus Darroll Powe in Devils zone.
5:30 of 3rd period - Snap shot by Martin St. Louis.
5:30 of 3rd period - Shot Misses the Net.
6:57 of 3rd period - Marco Scandella is hit by Darroll Powe and loses puck.
7:10 of 3rd period - Mike Komisarek is hit by Tyler Myers and loses puck.
7:14 of 3rd period - Penalty to Kurt Sauer is over, Kurt Sauer is back on ice.
7:31 of 3rd period - Slapshot by Mikko Koivu.
7:31 of 3rd period - Shot Misses the Net.
8:01 of 3rd period - Snap shot by Brandon Bollig.
8:01 of 3rd period - Stopped by Jacob Markstrom with a rebound.
9:13 of 3rd period - Minor Penalty to Marco Scandella for Slashing.
9:14 of 3rd period - Matt Duchene wins face-off versus Erik Haula in Jets zone.
9:14 of 3rd period - Snap shot by Taylor Hall.
9:14 of 3rd period - Stopped by Jacob Markstrom with a rebound.
9:16 of 3rd period - Snap shot by Matt Duchene.
9:16 of 3rd period - Stopped by Jacob Markstrom with a rebound.
9:18 of 3rd period - Slapshot by Tyler Cuma.
9:18 of 3rd period - Shot Misses the Net.
9:20 of 3rd period - Wrist shot by Matt Duchene.
9:20 of 3rd period - Goal by Matt Duchene - Jets : 2 - Devils : 3.
9:21 of 3rd period - Matt Duchene wins face-off versus Derek Roy in neutral zone.
9:21 of 3rd period - Matt Duchene is hit by Dustin Brown.
9:56 of 3rd period - Minor Penalty to Alexander Frolov for Roughing.
9:57 of 3rd period - Erik Haula wins face-off versus Matt Duchene in Jets zone.
10:25 of 3rd period - Slapshot by Johnny Gaudreau.
10:25 of 3rd period - Stopped by Jacob Markstrom with a rebound.
11:43 of 3rd period - Matt Duchene is hit by Tyler Myers and loses puck.
11:50 of 3rd period - Marco Scandella is hit by Taylor Hall and loses puck.
11:56 of 3rd period - Penalty to Alexander Frolov is over, Alexander Frolov is back on ice.
12:12 of 3rd period - Snap shot by Darroll Powe.
12:12 of 3rd period - Shot Blocked by Eric Gelinas.
12:18 of 3rd period - Darroll Powe is hit by Eric Gelinas.
12:49 of 3rd period - Minor Penalty to Anthony Stewart for High sticking.
12:50 of 3rd period - Darroll Powe wins face-off versus Devin Setoguchi in Devils zone.
13:01 of 3rd period - Martin St. Louis is hit by Alexander Frolov.
13:21 of 3rd period - Off-side.
13:22 of 3rd period - Steve Ott wins face-off versus Derek Stepan in neutral zone.
13:25 of 3rd period - Wrist shot by Jordan Eberle.
13:25 of 3rd period - Shot Misses the Net.
13:31 of 3rd period - Jordan Eberle is hit by Eric Gelinas.
14:49 of 3rd period - Penalty to Anthony Stewart is over, Anthony Stewart is back on ice.
14:59 of 3rd period - Snap shot by Mikko Koivu.
14:59 of 3rd period - Shot Blocked by Steve Ott.
15:13 of 3rd period - Minor Penalty to Mikko Koivu for Tripping.
15:14 of 3rd period - Erik Haula wins face-off versus Jordan Eberle in Jets zone.
16:16 of 3rd period - Tyler Cuma is hit by Alexander Frolov and loses puck.
17:13 of 3rd period - Penalty to Mikko Koivu is over, Mikko Koivu is back on ice.
17:38 of 3rd period - Brandon Bollig is hit by Derek Roy and loses puck.
17:58 of 3rd period - Snap shot by Derek Stepan.
17:58 of 3rd period - Shot Misses the Net.
18:04 of 3rd period - Martin St. Louis is hit by Devin Setoguchi and loses puck.
18:25 of 3rd period - Wrist shot by Kellan Lain.
18:25 of 3rd period - Stopped by Jacob Markstrom without a rebound.
18:26 of 3rd period - Derek Stepan wins face-off versus Darroll Powe in Jets zone.
18:26 of 3rd period - Derek Stepan is hit by Peter Prucha.
18:31 of 3rd period - Off-side.
18:32 of 3rd period - Darroll Powe wins face-off versus Mikko Koivu in neutral zone.
18:42 of 3rd period - Snap shot by Marcus Johansson.
18:42 of 3rd period - Stopped by James Reimer with a rebound.
18:46 of 3rd period - Jets, Jacob Markstrom is pulled from the net.
18:54 of 3rd period - Minor Penalty to Kellan Lain for Holding.
18:55 of 3rd period - Darroll Powe wins face-off versus Derek Roy in Devils zone.
19:12 of 3rd period - Snap shot by Derek Roy.
19:12 of 3rd period - Shot Misses the Net.
19:26 of 3rd period - Snap shot by Derek Stepan.
19:26 of 3rd period - Shot Misses the Net.
Goals for this period are 0 for Jets vs 1 for Devils.
Shots for this period are 5 for Jets vs 8 for Devils.
Back to the Top